 Dungeon Crawl Stone Soup version 0.30.1-3-gfc49f6343a (webtiles) character file.

Game seed: 5667625212523866735

9467 Babbit the Protected (level 11, -22/100 HPs)
             Began as a Minotaur Fighter on Aug 8, 2023.
             Was a High Priest of Okawaru.
             Killed from afar by a deep elf zephyrmancer (26 damage)
             ... with a bolt of lightning
             ... on level 11 of the Dungeon on Aug 9, 2023.
             The game lasted 00:46:11 (7620 turns).

Babbit the Protected (Minotaur Fighter)             Turns: 7620, Time: 00:46:12

Health: -22/100    AC: 21    Str: 30    XL:     11   Next: 23%
Magic:  13/13      EV:  8    Int:  2    God:    Okawaru [*****.]
Gold:   659        SH: 11    Dex: 11    Spells: 10/10 levels left

rFire   . . .        a - +2 war axe
rCold   . . .        D - +0 kite shield
rNeg    + + .        B - +3 chain mail of Qeufaew {+Inv}
rPois   .            (helmet restricted)
rElec   .            w - scarf "Wuutror" {harm, rN++ Regen+ Int-3 Stlth+}
rCorr   .            t - +0 pair of gloves
SInv    .            r - +0 pair of boots
Will    .....        (no amulet) Stlth
                     i - +6 ring of strength
HPRegen 1.16/turn    l - +4 ring of protection
MPRegen 0.13/turn

%: harm (+30% outgoing, +20% incoming)
@: about to teleport, invisible
A: horns 2, retaliatory headbutt
a: Renounce Religion, Evoke Invisibility, Heroism, Finesse, Duel


You were on level 11 of the Dungeon.
You worshipped Okawaru.
Okawaru was extremely pleased with you.
You visited 2 branches of the dungeon, and saw 12 of its levels.

You collected 659 gold pieces.

Inventory:

Hand Weapons
 a - a +2 war axe (weapon)
Missiles
 C - a boomerang of dispersal
 R - a boomerang
Armour
 r - a +0 pair of boots (worn)
 t - a +0 pair of gloves (worn)
 w - the scarf "Wuutror" (worn) {harm, rN++ Regen+ Int-3 Stlth+}
   (You found it on level 3 of the Dungeon)

   Int:       It affects your intelligence (-3).
   rN:        It greatly protects you from negative energy.
   Regen:     It increases your rate of health regeneration.
   Stlth:     It makes you more stealthy.
 B - the +3 chain mail of Qeufaew (worn) {+Inv}
   (You found it on level 8 of the Dungeon)

   +Inv:      It lets you turn invisible.
 D - a +0 kite shield (worn)
 L - a +1 cloak
Jewellery
 i - a +6 ring of strength (left hand)
 l - a +4 ring of protection (right hand)
 s - a ring of positive energy
 G - a ring of poison resistance
 I - an amulet of guardian spirit
 O - a ring of protection from fire
 P - a ring of wizardry
Wands
 c - a wand of flame (46) (quivered)
 g - a wand of acid (9)
 z - a wand of iceblast (4)
 A - a wand of paralysis (10)
 J - a wand of mindburst (15)
Scrolls
 b - a scroll of poison {unknown}
 e - 4 scrolls of teleportation
 m - a scroll of noise {unknown}
 n - 2 scrolls of enchant weapon
 p - 3 scrolls of magic mapping
 x - 3 scrolls of amnesia
 y - 3 scrolls of fear
 E - a scroll of enchant armour {unknown}
 F - a scroll of torment {unknown}
 M - a scroll of immolation
 N - a scroll of brand weapon {unknown}
Potions
 d - a potion of might
 f - 2 potions of lignification
 h - a potion of flight {unknown}
 j - 5 potions of mutation
 k - 2 potions of ambrosia {unknown}
 o - a potion of invisibility
 q - 2 potions of haste
 u - 3 potions of curing
 v - a potion of magic {unknown}
 H - 3 potions of brilliance {unknown}
 K - a potion of cancellation {unknown}


   Skills:
 + Level 10.3 Fighting
 + Level 10.0 Axes
 - Level 5.0 Throwing
 + Level 10.4 Armour
 + Level 10.3 Shields
 - Level 5.0 Invocations


You had 10 spell levels left.
You didn't know any spells.
Your spell library contained the following spells:

 Spells                   Type           Power      Damage    Failure   Level
 Magic Dart               Conj           0%         1d3       97%         1
 Searing Ray              Conj           0%         2d4       99%         2
 Hailstorm                Conj/Ice       0%         3d3       100%        3
 Inner Flame              Hex/Fire       0%         N/A       100%        3
 Volatile Blastmotes      Fire/Tloc      0%         2d10      100%        3
 Fulminant Prism          Conj/Hex       0%         3d5       100%        4
 Ice Form                 Ice/Tmut       0%         N/A       100%        4
 Iskenderun's Mystic Bla  Conj/Tloc      0%         2d3       100%        4
 Lee's Rapid Deconstruct  Erth           0%         3d4*      100%        5
 Yara's Violent Unravell  Hex/Tmut       0%         3d3       100%        5
 Enfeeble                 Hex            0%         N/A       100%        7
 Simulacrum               Ice/Necr       Unusable   N/A       N/A         6

Dungeon Overview and Level Annotations

Branches:
Dungeon (11/15)            Temple (1/1) D:6            Lair (0/5) D:11
    Orc (0/2) D:10

Altars:
Ashenzari
Cheibriados
Dithmenos
Elyvilon
Fedhas
Gozag
Hepliaklqana
Kikubaaqudgha
Makhleb
Nemelex Xobeh
Okawaru
Qazlal
Ru
Sif Muna
Trog
Uskayaw
Vehumet
Wu Jian
Xom
Yredelemnul
Zin
The Shining One

Shops:
D:2 ?   D:3 (


Innate Abilities, Weirdness & Mutations

You have a pair of horns on your head.
You reflexively headbutt those who attack you in melee.


Message History

There is a large open door here.
You open the door.
A deep elf zephyrmancer comes into view.
It is wielding a +0 long sword.
The deep elf zephyrmancer shouts!
Found two books of Minor Magic.
The deep elf zephyrmancer hits you with a +0 long sword.
There is an open door, spattered with blood here.
You hit the deep elf zephyrmancer.
Your headbutt misses the deep elf zephyrmancer.
The deep elf zephyrmancer is lightly wounded.
The deep elf zephyrmancer points at you and mumbles some strange words.
The bolt of lightning hits you! The bolt of lightning hits you!!
You hear a shout! x2
You hit the deep elf zephyrmancer.
The deep elf zephyrmancer is lightly wounded.
Something unseen opens the door.
A crimson imp opens the door.
The deep elf zephyrmancer gestures at you while chanting.
The bolt of lightning hits you!!
* * * LOW HITPOINT WARNING * * *
The bolt of lightning hits you!!
* * * LOW HITPOINT WARNING * * *
You hear a shout!
You feel much better.
A white imp comes into view.
The crimson imp blinks!
The deep elf zephyrmancer casts a spell at you.
The bolt of lightning hits you!
* * * LOW HITPOINT WARNING * * *
The bolt of lightning hits you!!
* * * LOW HITPOINT WARNING * * *
As you read the scroll of teleportation, it crumbles to dust.
You feel strangely unstable. You block the crimson imp's attack.
The deep elf zephyrmancer mumbles some strange words.
The deep elf zephyrmancer blinks!
A deep elf zephyrmancer opens the door.
Found two runed hats.
You fade into invisibility!
The crimson imp closely misses you.
The deep elf zephyrmancer gestures at you while chanting.
The bolt of lightning hits you!!
You die...

..######')######
. ###.))[..##
#.'.☼[...'
###......#
#.....5###
+.☼....'.#
#......#
####5e####
#:§@..e[[#
##########


You could see 2 deep elf zephyrmancers, a crimson imp (unable to see you) and a
white imp (unable to see you).

Vanquished Creatures
  Amaemon (D:8)
  Pikel (D:8)
  Maurice (D:8)
  An orange demon (D:8)
  A komodo dragon (D:10)
  A troll (D:7)
  A hornet (D:10)
  Grinder (D:6)
  2 wyverns (D:11)
  2 wraiths
  A steam dragon (D:8)
  14 yaks
  2 basilisks (D:11)
  Grum (D:10)
  An acid dragon (D:10)
  4 water moccasins
  3 black bears
  5 orc warriors
  An ice beast (D:7)
  A swamp drake (D:11)
  4 wolves (D:10)
  A phantom (D:5)
  A gnoll sergeant (D:7)
  2 scorpions
  A bullfrog (D:8)
  11 killer bees
  4 howler monkeys
  An iron imp (D:11)
  4 hounds
  A jelly (D:5)
  8 orc priests
  3 sleepcaps
  19 orc wizards
  2 adders
  7 gnolls
  A shadow imp (D:6)
  A white imp (D:5)
  An ufetubus (D:4)
  A worm (D:3)
  2 dart slugs (D:2)
  66 orcs
  5 ball pythons
  6 endoplasms
  4 giant cockroaches
  3 goblins
  3 hobgoblins
  3 jackals (D:5)
  7 quokkas
  A bat (D:1)
  6 frilled lizards
  8 kobolds
  5 rats
237 creatures vanquished.

Notes
Turn   | Place    | Note
-------+----------+-------------------------------------------
     0 | D:1      | Babbit the Minotaur Fighter began the quest for the Orb.
     0 | D:1      | Reached XP level 1. HP: 19/19 MP: 0/0
   225 | D:1      | Reached XP level 2. HP: 27/27 MP: 1/1
   775 | D:2      | Reached XP level 3. HP: 33/33 MP: 2/2
  1013 | D:2      | Identified the +1 whip "Loymual" {heavy, Fly}
  1361 | D:2      | Found Tonyis's Magic Scroll Shop.
  1379 | D:2      | You fall into a shaft and drop 2 floors!
  2110 | D:3      | Found an ornate altar of the Wu Jian Council.
  2112 | D:3      | Found a burning altar of Makhleb.
  2122 | D:3      | Found a blossoming altar of Fedhas.
  2128 | D:3      | Found a glowing silver altar of Zin.
  2130 | D:3      | Found a hazy altar of Hepliaklqana.
  2135 | D:3      | Found an ancient bone altar of Kikubaaqudgha.
  2152 | D:3      | Identified the scarf "Wuutror" {harm, rN++ Regen+ Int-3
                  | Stlth+}
  2207 | D:3      | Reached XP level 4. HP: 41/41 MP: 3/3
  2298 | D:3      | Found Oveas's Weapon Shop.
  2413 | D:4      | Reached XP level 5. HP: 47/47 MP: 4/4
  2616 | D:4      | Reached skill level 5 in Shields
  2618 | D:4      | Reached skill level 5 in Armour
  2619 | D:4      | Reached skill level 5 in Fighting
  2782 | D:4      | Reached XP level 6. HP: 56/56 MP: 5/5
  3019 | D:5      | Entered Level 5 of the Dungeon
  3224 | D:5      | Found a large runed translucent door.
  3224 | D:5      | Found a large runed translucent door.
  3281 | D:5      | Identified the scarf of Ru's Vengeance {shadows, Dex+3}
  3647 | D:5      | Found a sacrificial altar of Ru.
  3665 | D:5      | Reached skill level 5 in Axes
  3668 | D:5      | Found a broken altar of Ashenzari.
  3675 | D:5      | You fall into a shaft and drop 1 floor!
  3681 | D:6      | Noticed Grinder
  3693 | D:6      | Paralysed by Grinder for 5 turns
  3700 | D:6      | Reached XP level 7. HP: 61/61 MP: 6/6
  3701 | D:6      | Found a radiant altar of Vehumet.
  3702 | D:6      | Paralysed by Grinder for 5 turns
  3707 | D:6      | Killed Grinder
  3730 | D:6      | Found a staircase to the Ecumenical Temple.
  3740 | Temple   | Entered the Ecumenical Temple
  3777 | Temple   | Became a worshipper of Warmaster Okawaru
  4056 | D:6      | Found a shadowy altar of Dithmenos.
  4400 | D:6      | Reached skill level 1 in Throwing
  4400 | D:6      | Reached skill level 1 in Invocations
  4400 | D:6      | Reached XP level 8. HP: 62/71 MP: 7/7
  4574 | D:7      | Noticed a troll
  4583 | D:7      | Killed a troll
  4583 | D:7      | Reached * piety under Okawaru
  5021 | D:7      | Reached ** piety under Okawaru
  5280 | D:7      | Reached XP level 9. HP: 69/79 MP: 10/10
  5357 | D:8      | Noticed Maurice
  5370 | D:8      | Killed Maurice
  5400 | D:8      | Noticed Pikel
  5410 | D:8      | Killed Pikel
  5413 | D:8      | Found a bloodstained altar of Trog.
  5432 | D:8      | Noticed Amaemon
  5434 | D:8      | Noticed an orange demon
  5439 | D:8      | Reached *** piety under Okawaru
  5448 | D:8      | Killed Amaemon
  5460 | D:8      | Killed an orange demon
  5460 | D:8      | Received a gift from Okawaru
  5461 | D:8      | Reached XP level 10. HP: 22/90 MP: 10/12
  5642 | D:8      | Reached **** piety under Okawaru
  5696 | D:8      | Identified the +3 chain mail of Qeufaew {+Inv}
  5950 | D:9      | Reached skill level 5 in Throwing
  5950 | D:9      | Reached skill level 5 in Invocations
  6640 | D:10     | Entered Level 10 of the Dungeon
  6644 | D:10     | Found an opulent altar of Gozag.
  6849 | D:10     | Reached ***** piety under Okawaru
  6891 | D:10     | Noticed Grum
  6904 | D:10     | Killed Grum
  6954 | D:10     | Found a staircase to the Orcish Mines.
  7179 | D:10     | Reached skill level 10 in Armour
  7179 | D:10     | Reached XP level 11. HP: 99/99 MP: 13/13
  7443 | D:11     | Reached skill level 10 in Shields
  7451 | D:11     | Found a staircase to the Lair.
  7460 | D:11     | Reached skill level 10 in Fighting
  7598 | D:11     | Received a gift from Okawaru
  7599 | D:11     | Reached skill level 10 in Axes
  7613 | D:11     | Noticed a deep elf zephyrmancer
  7617 | D:11     | HP: 1/100 [deep elf zephyrmancer/bolt of lightning (25)]
  7619 | D:11     | Noticed a deep elf zephyrmancer
  7620 | D:11     | Killed from afar by a deep elf zephyrmancer

Illustrated notes

Levels and vault maps discovered:
D:1:      zelgadis_glass_arrival_small, layout_basic
D:2:      layout_basic, serial_shops, shop
D:3:      layout_basic, nicolae_overflow_hallway_of_the_gods, serial_shops,
          shop, cheibrodos_gnoll_hut
D:4:      layout_loops_ring
D:5:      layout_basic, jmf_multi_god_temple2
D:6:      layout_basic, vehumet_altar_wand_db, nicolae_dithmenos_the_darkroom,
          minmay_temple_entry_statues_pillars, uniq_grinder
D:7:      layout_basic
D:8:      layout_gridville, trog_ov_bears_minmay, uniq_maurice, uniq_pikel,
          uniq_amaemon
D:9:      layout_roguey
D:10:     layout_roguey, grunt_gozag_statues, hiddenorc2_lemuel, uniq_grum
D:11:     layout_irregular_city, minmay_lair_entry_grove,
          gauntlet_entry_generic, hangedman_minor_magic
Temple:   chequers_temple_sunken

Skill      XL: |  1  2  3  4  5  6  7  8  9 10 11 |
---------------+----------------------------------+-----
Fighting       | 4 5 6 7 8 9 10 | 10.3
Armour         | 4 5 6 7 8 10 | 10.4
Shields        | 4 5 6 7 8 9 10 | 10.3
Axes           | 3 4 5 6 8 9 10 | 10.0
Throwing       | 1 3 4 5 |  5.0
Invocations    | 1 3 4 5 |  5.0

Action                     |  1- 3 |  4- 6 |  7- 9 | 10-12 || total
---------------------------+-------+-------+-------+-------++-------
  Melee: War axe           |    79 |    78 |   138 |   240 ||   535
         Headbutt          |    10 |    10 |    29 |    43 ||    92
 Invoke: Heroism           |       |       |     3 |     1 ||     4
  Evoke: Wand              |       |       |       |    10 ||    10
    Use: Scroll            |     2 |     2 |     5 |     6 ||    15
         Potion            |       |       |     3 |     2 ||     5
 Armour: Scale mail        |    38 |    40 |    87 |     6 ||   171
         Chain mail        |       |       |       |   108 ||   108
  Dodge: Dodged            |    37 |    41 |    81 |    63 ||   222
  Block: Buckler           |    19 |    14 |       |       ||    33
         Kite shield       |       |    11 |    80 |   100 ||   191
